 Dungeon Crawl Stone Soup version 0.30.1-11-g7821555f0a (webtiles) character file.

Game seed: 13860566765884839279

18180 fireball365 the Severer (level 12, -2/110 HPs)
             Began as a Hill Orc Fighter on Dec 9, 2023.
             Was an Initiate of Gozag.
             Slain by Snorg (13 damage)
             ... on level 13 of the Dungeon.
             The game lasted 00:23:16 (12333 turns).

fireball365 the Severer (Hill Orc Fighter)         Turns: 12333, Time: 00:23:18

Health: -2/110     AC: 18    Str: 24    XL:     12   Next: 55%
Magic:  0/12       EV: 14    Int:  8    God:    Gozag
Gold:   3141       SH:  5    Dex: 10    Spells: 11/11 levels left

rFire   . . .        t - +5 war axe (elec)
rCold   + . .        c - +0 buckler
rNeg    . . .        L - +1 chain mail {rC+}
rPois   +            p - +0 helmet {SInv}
rElec   .            e - +0 cloak
rCorr   .            x - +0 pair of gloves
SInv    +            M - +0 pair of boots
Will    .....        o - amulet of guardian spirit Stlth
                     G - ring of poison resistance
HPRegen 0.38/turn    j - +5 ring of evasion
MPRegen 0.13/turn

%: guardian spirit
@: studying Hexes
A: no striking features
a: Renounce Religion, Potion Petition, Call Merchant, Bribe Branch


You were on level 13 of the Dungeon.
You worshipped Gozag.
Gozag was most pleased with you.
You visited 2 branches of the dungeon, and saw 14 of its levels.
You also visited: Sewer.

You collected 3232 gold pieces.
You paid 91 gold pieces to Gozag.

Inventory:

Hand Weapons
 a - a +0 battleaxe
 t - a +5 war axe of electrocution (weapon)
Missiles
 v - 46 poisoned darts (quivered)
Armour
 c - a +0 buckler (worn)
 e - a +0 cloak (worn)
 p - a +0 helmet of see invisible (worn)
 w - a +0 plate armour
 x - a +0 pair of gloves (worn)
 D - a +0 chain mail of poison resistance
 L - a +1 chain mail of cold resistance (worn)
 M - a +0 pair of boots (worn)
Jewellery
 h - a ring of willpower
 j - a +5 ring of evasion (right hand)
 o - an amulet of guardian spirit (around neck)
 G - a ring of poison resistance (left hand)
 I - a ring of fire
 N - a ring of positive energy
Wands
 y - a wand of iceblast (7)
 E - a wand of light (34)
 J - a wand of paralysis (7)
 O - a wand of flame (14)
Scrolls
 f - 8 scrolls of enchant armour
 g - 5 scrolls of magic mapping
 k - 5 scrolls of fog
 m - a scroll of vulnerability
 u - 2 scrolls of immolation
 F - 2 scrolls of teleportation
Potions
 b - a potion of cancellation {unknown}
 d - 2 potions of might
 i - a potion of heal wounds {unknown}
 l - 2 potions of brilliance
 n - a potion of flight {unknown}
 q - 7 potions of lignification
 r - 2 potions of degeneration
 s - a potion of resistance {unknown}
 z - 3 potions of haste
 A - 3 potions of attraction
 B - 3 potions of berserk rage
 C - 3 potions of magic
 H - 5 potions of curing
 K - a potion of mutation {unknown}


   Skills:
 + Level 11.6 Fighting
 + Level 17.2 Axes
 + Level 10.5 Armour
 + Level 3.2 Dodging
 + Level 2.9 Stealth
 + Level 7.3 Shields
 + Level 1.8 Evocations


You had 11 spell levels left.
You didn't know any spells.
Your spell library contained the following spells:

 Spells                   Type           Power      Damage    Failure   Level
 Apportation              Tloc           0%         N/A       91%         1
 Beastly Appendage        Tmut           0%         N/A       91%         1
 Necrotise                Necr           0%         1d4       91%         1
 Summon Small Mammal      Summ           0%         N/A       91%         1
 Sublimation of Blood     Necr           0%         N/A       97%         2
 Wereblood                Tmut           0%         N/A       97%         2
 Spider Form              Tmut/Pois      0%         N/A       99%         3
 Tukima's Dance           Hex            0%         N/A       99%         3
 Passage of Golubria      Tloc           0%         N/A       100%        4
 Petrify                  Tmut/Erth      0%         N/A       100%        4
 Irradiate                Conj/Tmut      0%         3d11      100%        5
 Yara's Violent Unravell  Hex/Tmut       0%         3d3       100%        5


Dungeon Overview and Level Annotations

Branches:
Dungeon (13/15)            Temple (1/1) D:4            Lair (0/5) D:10
    Orc (0/2) D:10          Sewer (visited)
 Vaults: D:13-14

Altars:
Ashenzari
Cheibriados
Dithmenos
Fedhas
Gozag
Hepliaklqana
Kikubaaqudgha
Makhleb
Okawaru
Qazlal
Ru
Sif Muna
Trog
Uskayaw
Vehumet
Xom
Yredelemnul
Zin
The Shining One

Annotations:
D:13 Snorg


Message History

You block Snorg's attack.
You feel better. Snorg barely misses you. You block Snorg's attack. x2
Snorg barely misses you. Snorg claws you!
* * * LOW HITPOINT WARNING * * *
Snorg claws you.
* * * LOW HITPOINT WARNING * * *
You barely miss Snorg.
Snorg is severely wounded.
Snorg misses you. x2; Snorg claws you.
* * * LOW HITPOINT WARNING * * *
You barely miss Snorg.
Snorg is severely wounded.
Snorg closely misses you. Snorg claws you but does no damage. Snorg claws you!
* * * LOW HITPOINT WARNING * * *
You closely miss Snorg.
Snorg is severely wounded.
You block Snorg's attack. Snorg claws you.
* * * LOW HITPOINT WARNING * * *
Snorg misses you.
You feel better. Snorg bites you!
* * * LOW HITPOINT WARNING * * *
Snorg claws you but does no damage. Snorg claws you.
* * * LOW HITPOINT WARNING * * *
You feel better. Snorg barely misses you. You block Snorg's attack.
Snorg barely misses you. Snorg bites you.
* * * LOW HITPOINT WARNING * * *
Snorg claws you but does no damage. You block Snorg's attack.
Aiming: Iceblast
Press: ? - help, Q - select action, (/) - cycle Shift-Dir - straight line The mass of ice explodes!
The iceblast engulfs Snorg!
Snorg is severely wounded.
You block Snorg's attack. Snorg misses you. x2
Aiming: Iceblast
Press: ? - help, Q - select action, (/) - cycle Shift-Dir - straight line The mass of ice explodes!
The iceblast engulfs Snorg!
Snorg is almost dead.
You hear a shout!
Snorg bites you!
You die...
Your body crumbles into a pile of gold.

###### ##
...... .#
...... .#
.....###.#
.......#
#.....#
#.....#
#.@...#
#..T..#
#.....#
#.....#
#.....#
#.....#
#.....#
#.....#
#..##.#


You could see Snorg (berserk).

Vanquished Creatures
  Josephine (D:12)
  Erolcha (D:12)
  4 boulder beetles
  A two-headed ogre (D:11)
  3 cyclopes (D:12)
  Joseph (D:7)
  A kobold demonologist (D:9)
  A hornet (D:9)
  5 trolls
  6 slime creatures
  A vampire (D:12)
  7 wraiths
  A wyvern (D:8)
  22 yaks
  A basilisk (D:12)
  4 vampire mosquitoes (D:12)
  Menkaure (D:4)
  An acid dragon (D:11)
  5 orc warriors
  2 black bears
  2 ice beasts
  An ogre (D:4)
  3 centaurs
  2 phantoms
  5 kobold brigands
  Blork the orc (D:4)
  3 bullfrogs
  2 gnoll sergeants
  3 scorpions
  4 wights (D:8)
  9 killer bees
  3 howler monkeys
  4 hounds
  A jelly (D:5)
  7 orc priests
  3 sleepcaps
  Ijyb (D:3)
  4 iguanas
  18 orc wizards
  Natasha (thrice) (D:4)
  9 gnolls
  A river rat (Sewer)
  11 adders
  A shadow imp (D:5)
  4 white imps (D:6)
  An ufetubus (D:4)
  2 worms
  54 orcs
  5 bats
  11 endoplasms
  3 giant cockroaches
  3 goblins
  3 hobgoblins (D:4)
  3 jackals (D:1)
  34 kobolds
  4 quokkas
  16 ball pythons
  8 frilled lizards
  11 rats
332 creatures vanquished.

Vanquished Creatures (collateral kills)
  3 vampire mosquitoes (D:11)
3 creatures vanquished.

Grand Total: 335 creatures vanquished

Notes
Turn   | Place    | Note
-------+----------+-------------------------------------------
     0 | D:1      | fireball365 the Hill Orc Fighter began the quest for the
                  | Orb.
     0 | D:1      | Reached XP level 1. HP: 19/19 MP: 1/1
    33 | D:1      | Found a faded altar of an unknown god.
    81 | D:1      | Reached XP level 2. HP: 21/27 MP: 2/2
   861 | D:2      | Reached skill level 3 in Axes
   861 | D:2      | Reached XP level 3. HP: 32/33 MP: 3/3
  1345 | D:3      | Noticed Ijyb
  1354 | D:3      | Killed Ijyb
  1355 | D:3      | Reached XP level 4. HP: 36/40 MP: 4/4
  1358 | D:3      | Reached skill level 4 in Axes
  1473 | D:3      | Found a glowing drain.
  1478 | Sewer    | Entered a sewer
  1892 | D:3      | Reached skill level 5 in Axes
  1893 | D:3      | Reached XP level 5. HP: 47/47 MP: 5/5
  2172 | D:4      | Noticed Menkaure
  2182 | D:4      | Killed Menkaure
  2183 | D:4      | Reached skill level 6 in Axes
  2183 | D:4      | Reached XP level 6. HP: 31/53 MP: 6/6
  2338 | D:4      | Noticed Natasha
  2343 | D:4      | Killed Natasha
  2350 | D:4      | Reached skill level 5 in Fighting
  2359 | D:4      | Reached XP level 7. HP: 27/61 MP: 7/7
  2369 | D:4      | Reached skill level 7 in Axes
  2531 | D:4      | Noticed Natasha
  2542 | D:4      | Killed Natasha
  2566 | D:4      | Noticed Natasha
  2569 | D:4      | Killed Natasha
  2604 | D:4      | Reached skill level 1 in Dodging
  2615 | D:4      | Noticed Blork the orc
  2622 | D:4      | Killed Blork the orc
  2963 | D:4      | Found a staircase to the Ecumenical Temple.
  2999 | D:4      | Reached skill level 8 in Axes
  3414 | D:5      | Entered Level 5 of the Dungeon
  3572 | D:5      | Reached XP level 8. HP: 65/70 MP: 8/8
  3698 | D:5      | Reached skill level 5 in Armour
  3724 | D:5      | Reached skill level 9 in Axes
  4165 | D:5      | Found a snail-covered altar of Cheibriados.
  4476 | Temple   | Entered the Ecumenical Temple
  4544 | Temple   | Became a worshipper of Gozag Ym Sagoz the Greedy
  4745 | D:6      | Noticed a yak
  4755 | D:6      | Killed a yak
  4756 | D:6      | Reached skill level 10 in Axes
  4756 | D:6      | Reached skill level 1 in Stealth
  4766 | D:6      | Reached XP level 9. HP: 31/78 MP: 9/9
  5191 | D:6      | Reached skill level 11 in Axes
  5722 | D:7      | Noticed Joseph
  5777 | D:7      | HP: 3/78 [Joseph/sling bullet (15)]
  5879 | D:7      | Killed Joseph
  5880 | D:7      | Reached skill level 5 in Shields
  6173 | D:7      | Identified the +7 war axe of Infinity {spect, +Blink rElec
                  | Str+4 Int-3}
  6398 | D:8      | Found a glowing silver altar of Zin.
  6412 | D:8      | Reached skill level 12 in Axes
  6413 | D:8      | Reached skill level 1 in Evocations
  6416 | D:8      | Reached XP level 10. HP: 40/88 MP: 10/10
  6465 | D:8      | Reached skill level 13 in Axes
  7587 | D:9      | Noticed a kobold demonologist
  7602 | D:9      | Killed a kobold demonologist
  7791 | D:9      | Reached skill level 14 in Axes
  8903 | D:10     | Entered Level 10 of the Dungeon
  8948 | D:10     | Found a staircase to the Lair.
  9096 | D:10     | Reached XP level 11. HP: 95/97 MP: 11/11
  9503 | D:10     | Reached skill level 15 in Axes
  9785 | D:10     | Found a staircase to the Orcish Mines.
  9863 | D:11     | Noticed a boulder beetle
  9883 | D:10     | Killed a boulder beetle
 10086 | D:10     | Reached skill level 10 in Fighting
 10185 | D:11     | Reached skill level 16 in Axes
 10481 | D:11     | Noticed a two-headed ogre
 10489 | D:11     | Killed a two-headed ogre
 11005 | D:12     | Identified a scroll of acquirement
 11005 | D:12     | Acquired 806 gold pieces
 11084 | D:12     | Reached XP level 12. HP: 107/108 MP: 12/12
 11085 | D:12     | Noticed Erolcha
 11094 | D:12     | Killed Erolcha
 11186 | D:12     | Noticed a boulder beetle
 11200 | D:12     | Killed a boulder beetle
 11201 | D:12     | Reached skill level 10 in Armour
 11294 | D:12     | Noticed Josephine
 11309 | D:12     | Killed Josephine
 11313 | D:12     | Reached skill level 17 in Axes
 11746 | D:12     | Noticed a boulder beetle
 11760 | D:12     | Killed a boulder beetle
 12037 | D:12     | Noticed a boulder beetle
 12044 | D:12     | Killed a boulder beetle
 12309 | D:13     | Noticed Snorg
 12330 | D:13     | HP: 3/110 [Snorg (12)]
 12330 | D:13     | HP: 1/110 [Snorg (2)]
 12333 | D:13     | Slain by Snorg

Illustrated notes

Levels and vault maps discovered:
D:1:      dpeg_arrival_ternary, layout_basic,
          hellmonk_ecumenical_altar_dog_temple
D:2:      layout_basic
D:3:      layout_rooms, gup_sewer_entry_bowl, uniq_ijyb
D:4:      layout_loops_cross, minmay_temple_entry_from_below_a,
          minmay_joined_circles, uniq_natasha, uniq_menkaure, uniq_blork_the_orc
D:5:      layout_loops_corners, mainiacjoe_overflow_surrounded_room
D:6:      layout_rooms, minmay_misc_feat_five, minmay_manual_macuahuitl
D:7:      layout_basic, uniq_joseph
D:8:      layout_loops_cross, mainiacjoe_overflow_boulevard, minmay_puff
D:9:      layout_layer_cave
D:10:     layout_loops_ring, dpeg_oklobed_lair, hiddenorc1_lemuel
D:11:     layout_cross
D:12:     layout_cave_pods, uniq_josephine, uniq_erolcha
D:13:     layout_stronghold, grunt_vaults_entry_tiered, minmay_misc_feat_alley,
          uniq_snorg
Temple:   nicolae_temple_bog_church

Skill      XL: |  1  2  3  4  5  6  7  8  9 10 11 12 |
---------------+-------------------------------------+-----
Fighting       | 4 5 6 7 9 10 11 | 11.6
Axes           | 3 5 6 8 10 12 14 16 17 | 17.2
Shields        | 4 5 6 7 |  7.3
Armour         | 4 6 7 8 9 10 | 10.5
Dodging        | 1 2 3 |  3.2
Stealth        | 1 2 |  2.9
Evocations     | 1 |  1.8

Action                     |  1- 3 |  4- 6 |  7- 9 | 10-12 || total
---------------------------+-------+-------+-------+-------++-------
  Melee: War axe           |    82 |   116 |   230 |   395 ||   823
  Evoke: Wand              |       |       |     8 |     2 ||    10
    Use: Scroll            |     6 |     2 |    10 |     8 ||    26
         Potion            |       |       |     4 |     3 ||     7
   Stab: Distracted        |       |       |       |     4 ||     4
 Armour: Scale mail        |    59 |    56 |     6 |       ||   121
         Chain mail        |       |       |    84 |   145 ||   229
  Dodge: Dodged            |    67 |   118 |   140 |   238 ||   563
  Block: Buckler           |    32 |    41 |    44 |   101 ||   218
